[Event "Titled Tuesday Blitz December 20 Late 2022"]
[White "Tarnowska, Aleksandra"]
[Black "Tristan, Leonardo"]
[WhiteFideId "1180967"]
[BlackFideId "113816"]
[WhiteElo "1776"]
[BlackElo "2461"]
[Result "0-1"]
[Round "05"]
[TimeControl "180+1"]
[Date "2022.12.21"]
[WhiteClock "0:00:01"]
[BlackClock "0:00:55"]

1. e4 d5 2. exd5 Qxd5 3. Nc3 Qa5 4. d4 Nf6 5. Nf3 Bf5 6. Be3 e6 7. Bd3 Nbd7 8. O-O c6 9. a3 Bxd3 10. Qxd3 Bd6 11. Ne2 O-O 12. b4 Qc7 13. c4 Rfd8 14. Ng3 e5 15. d5 cxd5 16. cxd5 Re8 17. Rac1 Qd8 18. Ng5 h6 19. N5e4 Nxe4 20. Nxe4 Bf8 21. d6 Re6 22. Rfd1 Kh8 23. Qb5 b6 24. Rc7 Nf6 25. Nxf6 Rxf6 26. Rd7 Qe8 27. a4 Rc8 28. Rxa7 Qxb5 29. axb5 Rxd6 30. Rxd6 Bxd6 31. g3 f5 32. Bxb6 Bxb4 33. Rf7 Rc1+ 34. Kg2 g6 35. Rf6 Kg7 36. Re6 Bc3 37. Bc7 e4 38. Be5+ Bxe5 39. Rxe5 Rb1 40. h4 Kf6 41. Rc5 Rb2 42. Kf1 g5 43. hxg5+ hxg5 44. Ke1 Ke6 45. Kf1 f4 46. gxf4 gxf4 47. Rh5 f3 48. Ke1 Kd6 49. Rh4 Kd5 50. Rh5+ Kd4 51. Rh7 Rxb5 52. Rd7+ Rd5 53. Rxd5+ Kxd5 54. Kd1 Kd4 55. Kd2 e3+ 56. fxe3+ Ke4 57. Kd1 Kd3 0-1


[Site "https://www.chess.com"]

[Event "Titled Tuesday Blitz December 20 Late 2022"]
[White "Ter-Sahakyan, Samvel"]
[Black "Suder, Jakub"]
[WhiteFideId "13302531"]
[BlackFideId "1195310"]
[WhiteElo "2585"]
[BlackElo "2245"]
[Result "1/2-1/2"]
[Round "05"]
[TimeControl "180+1"]
[Date "2022.12.20"]
[WhiteClock "0:00:02"]
[BlackClock "0:00:09"]

1. d4 d5 2. c4 e6 3. Nc3 a6 4. cxd5 exd5 5. Nf3 Nf6 6. Bg5 Be6 7. Bxf6 Qxf6 8. Qb3 Ra7 9. a3 Qd8 10. Qc2 Nd7 11. e3 Bd6 12. Bd3 c6 13. h4 h6 14. O-O-O Nf6 15. Ne5 Ra8 16. f4 c5 17. Kb1 cxd4 18. exd4 O-O 19. f5 Bd7 20. g4 Ne4 21. Nxe4 dxe4 22. Bxe4 Rc8 23. Qb3 Qe8 24. Rde1 Ba4 25. Qd5 Bxe5 26. Qxe5 Qd7 27. f6 Rfe8 28. Qf5 Qxf5 29. Bxf5 Rcd8 30. fxg7 Rxe1+ 31. Rxe1 Rxd4 32. Re7 Bb3 33. Re1 Kxg7 34. Rg1 Rf4 35. Bc8 Bd5 36. Rd1 Bc6 37. Rg1 a5 38. Bf5 b6 39. Kc2 Ba4+ 40. Kc3 Bc6 41. Kd3 Rf3+ 42. Kd4 Rf2 43. b4 axb4 44. axb4 Rb2 45. Ke5 Rxb4 46. Kd6 Be4 47. Bd7 Rd4+ 48. Ke7 Bd5 49. Bf5 Rd2 50. Re1 b5 51. Rc1 b4 52. Rb1 b3 53. h5 Re2+ 54. Kd6 Bc4 55. Kc5 Be6 56. Bxe6 Rxe6 57. Rxb3 Kf6 58. Rf3+ Kg5 59. Rxf7 Kxg4 60. Kd5 Re1 61. Rg7+ Kxh5 62. Kd4 Kh4 63. Kd3 h5 64. Kd2 Re8 65. Rg1 Kh3 66. Rg7 h4 67. Kd3 Kh2 68. Kd2 h3 69. Rg6 Kh1 70. Rg7 h2 71. Rg6 Re5 72. Rg7 Re6 73. Rg8 Re7 74. Rg6 Ra7 75. Ke2 Ra2+ 76. Kf1 Ra1+ 77. Kf2 Rg1 78. Rf6 Rg8 79. Rf7 Rg6 80. Rf8 Rg5 81. Rf7 Rg2+ 82. Kf1 Ra2 83. Rf8 Ra7 84. Kf2 Ra1 85. Rf7 Ra3 86. Kf1 Ra2 87. Rf8 Ra1+ 88. Kf2 Ra2+ 89. Kf1 1/2-1/2


[Site "https://www.chess.com"]

[Event "Titled Tuesday Blitz December 20 Late 2022"]
[White "TheKnightOfBosnia"]
[Black "Marin Masis, Jose Esteban"]
[BlackFideId "6508146"]
[WhiteElo "2433"]
[BlackElo "1838"]
[Result "1-0"]
[Round "05"]
[TimeControl "180+1"]
[Date "2022.12.21"]
[WhiteClock "0:00:39"]
[BlackClock "0:00:04"]

1. e4 c5 2. Nf3 Nc6 3. d4 cxd4 4. Nxd4 Nf6 5. Nc3 e5 6. Ndb5 d6 7. a4 a6 8. Na3 Be7 9. Bc4 O-O 10. O-O Nd4 11. Be3 Ne6 12. f3 Bd7 13. b3 Qa5 14. Nd5 Nxd5 15. Bxd5 Rab8 16. Nc4 Qd8 17. Bb6 Qc8 18. Qd2 Nf4 19. Rfd1 Bc6 20. Qf2 Nxd5 21. exd5 Bd7 22. Ba7 b5 23. Nb6 Rxb6 24. Bxb6 bxa4 25. bxa4 Qc4 26. a5 Bh4 27. g3 Bf6 28. Kg2 e4 29. Rac1 exf3+ 30. Qxf3 Bg4 31. Qd3 Qb4 32. Re1 Bc3 33. Re4 Qa3 34. Rxg4 Qxc1 35. Qxc3 Qd1 36. Qxg7# 1-0


[Site "https://www.chess.com"]

[Event "Titled Tuesday Blitz December 20 Late 2022"]
[White "Tologon tegin, Semetei"]
[Black "Haszon, David"]
[WhiteFideId "13800574"]
[BlackFideId "733610"]
[WhiteElo "2264"]
[BlackElo "2210"]
[Result "1-0"]
[Round "05"]
[TimeControl "180+1"]
[Date "2022.12.21"]
[WhiteClock "0:00:10"]
[BlackClock "0:00:15"]

1. e4 c6 2. d4 d5 3. e5 Bf5 4. c4 e6 5. Nc3 Ne7 6. Nf3 Nd7 7. h3 Bg6 8. a3 Nf5 9. cxd5 cxd5 10. Bd3 Nh4 11. O-O Nxf3+ 12. Qxf3 Be7 13. Qe2 a6 14. f4 Bxd3 15. Qxd3 g6 16. Be3 Rc8 17. Rac1 Nb6 18. Rc2 O-O 19. g4 f6 20. f5 fxe5 21. dxe5 Nc4 22. Bd4 exf5 23. gxf5 Bc5 24. e6 Bxd4+ 25. Qxd4 Qg5+ 26. Rg2 Qe3+ 27. Qxe3 Nxe3 28. e7 Rxf5 29. Rxf5 Nxf5 30. Nxd5 Rc1+ 31. Kh2 Re1 32. e8=Q+ Rxe8 33. Nf6+ Kf7 34. Nxe8 Kxe8 35. Rc2 Kd7 36. Rd2+ Ke6 37. Kg2 h5 38. Kf3 g5 39. Ke4 Nd6+ 40. Kf3 g4+ 41. hxg4 hxg4+ 42. Kxg4 Nc4 43. Re2+ Kd5 44. Kf4 Nd6 45. Rd2+ Kc6 46. Rc2+ Kb6 47. Ke5 Nb5 48. Kd5 Nc7+ 49. Kd6 Nb5+ 50. Kd5 Nc7+ 51. Kc4 Nb5 52. Rh2 Nd6+ 53. Kd5 Nb5 54. b4 Nxa3 55. Kd4 Nb5+ 56. Kc4 Nd6+ 57. Kb3 Nb5 58. Rh6+ Ka7 59. Kc4 Nc7 60. Kc5 Nb5 61. Rh7 Na3 62. Rd7 Nb5 63. Re7 Na3 64. Rf7 Nb5 65. Rf3 Nc7 66. Rg3 Nb5 67. Rh3 Nc7 68. Rh6 Nb5 69. Rg6 Na3 70. Kd6 Nb5+ 71. Kc5 Na3 72. Rg7 Nb5 73. Kd5 Na3 74. Kd6 Nb5+ 75. Kd7 Kb6 76. Rg6+ Ka7 77. Kc8 Nd4 78. Rg7 Kb6 79. Rxb7+ Kc6 80. Kb8 Nb5 81. Rh7 Kd5 82. Kb7 Kc4 83. Rh4+ Nd4 84. Kxa6 Kd5 85. b5 Ne6 86. b6 Nc5+ 87. Ka7 Kc6 88. Rh6+ 1-0


[Site "https://www.chess.com"]

[Event "Titled Tuesday Blitz December 20 Late 2022"]
[White "Torres Dominguez, David"]
[Black "Dylag, Emilia"]
[WhiteFideId "2220857"]
[BlackFideId "21805172"]
[WhiteElo "2037"]
[BlackElo "1878"]
[Result "1-0"]
[Round "05"]
[TimeControl "180+1"]
[Date "2022.12.21"]
[WhiteClock "0:00:59"]
[BlackClock "0:00:19"]

1. e4 e5 2. Bc4 Nf6 3. Nc3 c6 4. d4 exd4 5. Qxd4 d6 6. Bf4 Be7 7. O-O-O O-O 8. Bxd6 Bxd6 9. Qxd6 Qa5 10. a3 Nbd7 11. Nge2 Ne5 12. Bb3 Bg4 13. f3 Rfd8 14. Qb4 Qxb4 15. axb4 Be6 16. Bxe6 fxe6 17. b3 Kf7 18. Rxd8 Rxd8 19. Rd1 Rxd1+ 20. Nxd1 g5 21. h3 h5 22. Nf2 Ne8 23. Kd2 Nc7 24. Nd3 Nxd3 25. Kxd3 e5 26. c4 Ne6 27. g3 h4 28. gxh4 gxh4 29. Ke3 b6 30. f4 exf4+ 31. Nxf4 Ng5 32. e5 Ke7 33. b5 cxb5 34. cxb5 Kd7 35. b4 Ke7 36. Kd4 Nf3+ 37. Kd5 Nd2 38. Ng6+ Ke8 39. Nxh4 1-0


[Site "https://www.chess.com"]

[Event "Titled Tuesday Blitz December 20 Late 2022"]
[White "Veiga, Jose Francisco R P Neves"]
[Black "Matthes, Aaron"]
[WhiteFideId "1930087"]
[BlackFideId "16227310"]
[WhiteElo "2320"]
[BlackElo "2347"]
[Result "1-0"]
[Round "05"]
[TimeControl "180+1"]
[Date "2022.12.21"]
[WhiteClock "0:00:06"]
[BlackClock "0:00:25"]

1. Nf3 d5 2. d4 Nf6 3. Bg5 c6 4. Nbd2 Bf5 5. Nh4 Bg4 6. h3 Be6 7. e3 Nbd7 8. Bd3 h6 9. Bxf6 Nxf6 10. Nf5 Bxf5 11. Bxf5 e6 12. Bd3 Qb6 13. O-O Bd6 14. c4 Qc7 15. e4 dxe4 16. Nxe4 Nxe4 17. Bxe4 Rd8 18. Qf3 Be7 19. Rad1 Bf6 20. d5 cxd5 21. cxd5 exd5 22. Bxd5 O-O 23. Qb3 b6 24. Rfe1 Rd7 25. Rc1 Qd6 26. Bf3 Rfd8 27. Rc6 Qd4 28. Rc2 Bh4 29. Rd1 Qf6 30. Rxd7 Rxd7 31. g3 Bg5 32. h4 Bd2 33. Qb5 Qd6 34. Be4 g6 35. h5 Bg5 36. hxg6 fxg6 37. Bxg6 Kg7 38. Be4 Rf7 39. Kg2 Qd4 40. Re2 Be7 41. Qd5 Bc5 42. Qxd4+ Bxd4 43. f4 Rc7 44. Kf3 Kf6 45. Bd5 Re7 46. Be4 Rc7 47. Rh2 Kg7 48. Rd2 Bf6 49. Kg4 Re7 50. Kf5 Rc7 51. Rd6 Bxb2 52. Rg6+ Kh7 53. Ke6 Bg7 54. f5 Kg8 55. f6 Rc6+ 56. Bxc6 1-0


[Site "https://www.chess.com"]

[Event "Titled Tuesday Blitz December 20 Late 2022"]
[White "Walentukiewicz, Michal"]
[Black "Rosenberg, Evan S"]
[WhiteFideId "1126903"]
[BlackFideId "2019299"]
[WhiteElo "2028"]
[BlackElo "2407"]
[Result "1/2-1/2"]
[Round "05"]
[TimeControl "180+1"]
[Date "2022.12.21"]
[WhiteClock "0:01:06"]
[BlackClock "0:00:13"]

1. g3 e5 2. Bg2 d5 3. c4 d4 4. d3 Nc6 5. Nf3 Bb4+ 6. Bd2 a5 7. O-O Nf6 8. e3 O-O 9. exd4 exd4 10. Na3 Re8 11. Nc2 Bxd2 12. Qxd2 Bg4 13. b3 Qd7 14. a3 Rad8 15. b4 axb4 16. axb4 b6 17. b5 Bxf3 18. Bxf3 Ne5 19. Bg2 Qf5 20. Rad1 Nf3+ 21. Bxf3 Qxf3 22. Ne1 Qe2 23. Qxe2 Rxe2 24. Nf3 Rd6 25. Rfe1 Rxe1+ 26. Rxe1 Kf8 27. Ra1 Nd7 28. Ra7 Nc5 29. Rxc7 Nxd3 30. Rc6 Rxc6 31. bxc6 Ke7 32. Nxd4 g6 33. h4 Kd6 34. Kg2 Ne5 35. Nf3 Nxc4 36. Ng5 Ne5 37. f4 Nxc6 38. Nxf7+ Kc5 39. Kf3 b5 40. Ng5 b4 41. Ke3 Kc4 42. Kd2 b3 43. g4 Nd4 44. Ne4 Nf3+ 45. Kc1 Nxh4 46. Kb2 Kd4 47. Nf6 Ke3 48. f5 gxf5 49. gxf5 h6 50. Ng4+ Kf4 51. Nxh6 Kg5 52. Kxb3 Nxf5 1/2-1/2


[Site "https://www.chess.com"]

[Event "Titled Tuesday Blitz December 20 Late 2022"]
[White "Wieczorek, Oskar"]
[Black "Jimenez Almeida, Luis David"]
[WhiteFideId "1133950"]
[BlackFideId "22242244"]
[WhiteElo "2415"]
[BlackElo "2158"]
[Result "0-1"]
[Round "05"]
[TimeControl "180+1"]
[Date "2022.12.21"]
[WhiteClock "0:00:22"]
[BlackClock "0:00:14"]

1. e4 Nf6 2. e5 Nd5 3. d4 d6 4. Nf3 Bg4 5. Be2 e6 6. O-O Be7 7. c4 Nb6 8. Nc3 O-O 9. h3 Bh5 10. Be3 N8d7 11. exd6 cxd6 12. a4 a5 13. b3 Rc8 14. Nb5 Nf6 15. Bf4 Na8 16. Bh2 Nc7 17. Re1 Na6 18. Nd2 Bg6 19. Nf1 Nb4 20. Ne3 b6 21. Bf4 d5 22. Rc1 dxc4 23. bxc4 Qd7 24. Ng4 Nxg4 25. hxg4 Rfd8 26. Qd2 Nc6 27. Red1 e5 28. dxe5 Qxd2 29. Rxd2 Rxd2 30. Bxd2 Nxe5 31. Be3 Bc5 32. Bxc5 Rxc5 33. f4 Bd3 34. Bxd3 Nxd3 35. Rd1 h5 36. Rxd3 hxg4 37. Rd4 Kh7 38. Nc3 f5 39. Nd5 Rc6 40. Kf2 Kh6 41. Ke3 g5 42. fxg5+ Kxg5 43. g3 Re6+ 44. Kd3 Rg6 45. Nf4 Rh6 46. Rd5 Rh1 47. Rd6 Rd1+ 48. Kc3 Rxd6 49. c5 Rc6 50. Kc4 Rxc5+ 51. Kd4 Rc1 52. Ke5 Re1+ 53. Kd6 Ra1 54. Ke7 Rxa4 55. Ne6+ Kg6 56. Nf8+ Kg7 57. Ne6+ Kh7 58. Kf7 f4 59. Ng5+ Kh6 60. Kf6 fxg3 61. Nf7+ Kh5 62. Kg7 g2 63. Kg8 g1=Q 64. Kg7 Qd4+ 65. Kg8 Qd5 66. Kg7 Qxf7+ 67. Kh8 Qf8+ 68. Kh7 Qe7+ 69. Kh8 Rc4 70. Kg8 Rc8# 0-1


[Site "https://www.chess.com"]

[Event "Titled Tuesday Blitz December 20 Late 2022"]
[White "Wieczorek, Zbigniew"]
[Black "White, John S."]
[WhiteFideId "1102001"]
[BlackFideId "2502348"]
[WhiteElo "2219"]
[BlackElo "1957"]
[Result "1-0"]
[Round "05"]
[TimeControl "180+1"]
[Date "2022.12.21"]
[WhiteClock "0:00:18"]
[BlackClock "0:00:01"]

1. Nf3 Nf6 2. d4 g6 3. c4 Bg7 4. Nc3 d5 5. cxd5 Nxd5 6. Bd2 O-O 7. e4 Nb6 8. Be3 Nc6 9. h3 Na5 10. b3 c5 11. Rc1 cxd4 12. Bxd4 Nc6 13. Bxg7 Kxg7 14. Bb5 Bd7 15. O-O Qc7 16. Nd5 Qd8 17. Nxb6 axb6 18. Qe2 Nb4 19. a3 Bxb5 20. Qxb5 Nc6 21. Rfd1 Qc7 22. a4 Ra5 23. Qd3 Rc5 24. b4 Rxc1 25. Rxc1 Rd8 26. Qc3+ Kg8 27. b5 Qf4 28. bxc6 bxc6 29. Qxc6 Rd6 30. Qc8+ Kg7 31. Qc3+ f6 32. e5 fxe5 33. Nxe5 Kg8 34. Ng4 Rd2 35. g3 1-0


[Site "https://www.chess.com"]

[Event "Titled Tuesday Blitz December 20 Late 2022"]
[White "Yedidia, Daniel"]
[Black "Flynn, Jacob"]
[WhiteFideId "30905907"]
[BlackFideId "2509393"]
[WhiteElo "2568"]
[BlackElo "2053"]
[Result "1-0"]
[Round "05"]
[TimeControl "180+1"]
[Date "2022.12.21"]
[WhiteClock "0:00:21"]
[BlackClock "0:00:27"]

1. Nf3 d5 2. c4 d4 3. e3 Nc6 4. exd4 Nxd4 5. h3 Nf6 6. d3 g6 7. Nxd4 Qxd4 8. Nc3 Bg7 9. Nb5 Qe5+ 10. Be2 c6 11. d4 Qb8 12. Nc3 O-O 13. O-O Bf5 14. Re1 Ne4 15. Bf3 Nxc3 16. bxc3 Qc7 17. Ba3 Rfe8 18. Qd2 Rad8 19. Rad1 Bf6 20. Qb2 Qa5 21. Bb4 Qa6 22. Be2 Qb6 23. Qa3 Qa6 24. Qxa6 bxa6 25. c5 Be6 26. a4 Bc8 27. Ba5 Rd7 28. Rb1 e5 29. Bf3 Bb7 30. Rxb7 Rxb7 31. Bxc6 Rbe7 32. Bxe8 Rxe8 33. c6 Rc8 34. dxe5 Be7 35. c7 Kf8 36. e6 fxe6 37. Rxe6 Ke8 38. Rxa6 Kd7 39. Rxa7 Bd6 40. Rb7 Kc6 41. Rb8 Rxb8 42. cxb8=Q Bxb8 43. Bb4 Kd5 44. Kf1 Kc4 45. Ke2 Ba7 46. f4 h5 47. g4 Bb8 48. Kf3 hxg4+ 49. hxg4 Kd5 50. f5 gxf5 51. gxf5 Ke5 52. Kg4 Kf6 53. c4 Kf7 54. Bc3 Ba7 55. Kf3 Ke7 56. Ke4 Kd7 57. Kd5 Kc7 58. Bd4 Bb8 59. Be5+ 1-0


[Site "https://www.chess.com"]

[Event "Titled Tuesday Blitz December 20 Late 2022"]
[White "Young, Ryan"]
[Black "UnknownMagician"]
[WhiteFideId "2049945"]
[WhiteElo "2436"]
[BlackElo "2637"]
[Result "0-1"]
[Round "05"]
[TimeControl "180+1"]
[Date "2022.12.21"]
[WhiteClock "0:00:05"]
[BlackClock "0:01:34"]

1. e4 c6 2. d4 d5 3. e5 Bf5 4. h4 h5 5. Bd3 Bxd3 6. Qxd3 e6 7. Bg5 Qa5+ 8. Nd2 Qa6 9. c4 Ne7 10. Ngf3 Nd7 11. O-O Nf5 12. g3 Nb6 13. b3 Bb4 14. Rfd1 O-O 15. Be3 Rfd8 16. Qc2 dxc4 17. Nxc4 Nd5 18. Bd2 Rac8 19. Bxb4 Nxb4 20. Qe4 Nd5 21. Qc2 c5 22. dxc5 Rxc5 23. Qb2 b5 24. Ncd2 Rdc8 25. Rac1 Nc3 26. Ng5 Ne2+ 27. Kf1 Nxc1 28. Nde4 Rc2 29. Qb1 b4+ 30. Kg1 Ne2+ 31. Kg2 Ne3+ 32. fxe3 Nf4+ 33. Kf3 Qe2+ 34. Kxf4 Qg4# 0-1


[Site "https://www.chess.com"]

[Event "Titled Tuesday Blitz December 20 Late 2022"]
[White "Zakhartsov, Vladimir"]
[Black "Denishev, Marat"]
[WhiteFideId "4145097"]
[BlackFideId "24131563"]
[WhiteElo "2535"]
[BlackElo "2194"]
[Result "0-1"]
[Round "05"]
[TimeControl "180+1"]
[Date "2022.12.20"]
[WhiteClock "0:00:03"]
[BlackClock "0:00:06"]

1. c4 Nf6 2. Nc3 c5 3. Nf3 e6 4. g3 b6 5. Bg2 Bb7 6. O-O Be7 7. d4 cxd4 8. Qxd4 d6 9. Bg5 a6 10. Bxf6 Bxf6 11. Qf4 Qc7 12. Rfd1 Be7 13. Rac1 O-O 14. h4 Nd7 15. Ne4 Ne5 16. Nxe5 dxe5 17. Qe3 f5 18. Ng5 Bxg2 19. Kxg2 h6 20. Nf3 e4 21. Nd4 Rf6 22. a3 Raf8 23. Rf1 e5 24. Nb3 Qb7 25. f3 exf3+ 26. exf3 f4 27. Qxe5 fxg3 28. Qd5+ Qxd5 29. cxd5 Rd6 30. Rfd1 Bxh4 31. Rc6 Rfd8 32. Rxd6 Rxd6 33. Kh3 Bf6 34. Kxg3 Bxb2 35. a4 Kf7 36. f4 Kf6 37. Rd3 g6 38. Nd2 Rd8 39. Nc4 Bc1 40. Rd1 b5 41. axb5 axb5 42. Ne5 Bxf4+ 43. Kxf4 g5+ 44. Ke4 b4 45. Rf1+ Kg7 46. Rf7+ Kg8 47. Rb7 h5 48. Nc6 Re8+ 49. Kf5 g4 50. d6 g3 51. d7 Rf8+ 52. Kg6 g2 53. Ne7+ Kh8 54. Kh6 g1=Q 55. Ng6+ Kg8 56. Nxf8 Qg7+ 57. Kxh5 Qxf8 58. Rc7 Qf7+ 59. Kg4 Qe6+ 60. Kf3 Qf5+ 61. Kg2 Qg4+ 62. Kh1 Qh3+ 63. Kg1 Qg3+ 64. Kf1 Qxc7 65. Ke2 Qxd7 0-1


[Site "https://www.chess.com"]

[Event "Titled Tuesday Blitz December 20 Late 2022"]
[White "Zeman, Matyas"]
[Black "Haydon, David L"]
[WhiteFideId "364398"]
[BlackFideId "415405"]
[WhiteElo "2254"]
[BlackElo "2318"]
[Result "0-1"]
[Round "05"]
[TimeControl "180+1"]
[Date "2022.12.21"]
[WhiteClock "0:00:01"]
[BlackClock "0:00:19"]

1. d4 c6 2. Bf4 d5 3. e3 Bf5 4. Bd3 e6 5. Nf3 Nf6 6. O-O Qb6 7. Bxf5 exf5 8. Nbd2 Nbd7 9. c4 Be7 10. Qc2 g6 11. h3 Qa6 12. Ne5 Rd8 13. Nxd7 Rxd7 14. Be5 O-O 15. Bxf6 Bxf6 16. c5 f4 17. Nb3 fxe3 18. fxe3 Bg5 19. Rf3 Re7 20. Re1 Rfe8 21. Kf2 Qa4 22. a3 f5 23. g3 Re4 24. Re2 Qb5 25. Nc1 Kg7 26. Nd3 a5 27. b3 Qa6 28. a4 Bf6 29. Nf4 Qa7 30. Qd3 b6 31. cxb6 Qxb6 32. Qc3 Rxd4 33. exd4 Bxd4+ 34. Kf1 Rxe2 35. Qd3 Re4 36. Ne2 Bf6 37. g4 fxg4 38. hxg4 Qb4 39. Ng3 Rxg4 40. Ne2 Qc5 41. Qa6 Be7 42. Qb7 Re4 43. Qd7 Qc2 44. Ng3 Qc1+ 45. Kg2 Re5 46. Qe8 Qg5 47. Qf7+ Kh6 48. Qg8 Qg4 0-1


[Site "https://www.chess.com"]

[Event "Titled Tuesday Blitz December 20 Late 2022"]
[White "Zhigalko, Sergei"]
[Black "Lazavik, Denis"]
[WhiteFideId "13502956"]
[BlackFideId "13515110"]
[WhiteElo "2662"]
[BlackElo "2484"]
[Result "1/2-1/2"]
[Round "05"]
[TimeControl "180+1"]
[Date "2022.12.20"]
[WhiteClock "0:00:04"]
[BlackClock "0:00:21"]

1. e4 e5 2. Nf3 Nc6 3. Bb5 Nf6 4. d3 Bc5 5. Bxc6 dxc6 6. Nbd2 Nd7 7. Qe2 f6 8. Nh4 O-O 9. Nf5 Rf7 10. h4 Nf8 11. Qg4 Kh8 12. h5 Ne6 13. Nf3 Nd4 14. N3xd4 Bxd4 15. Rh3 Be6 16. c3 Bb6 17. Be3 Qd7 18. Bxb6 axb6 19. a3 b5 20. Rd1 Bxf5 21. Qxf5 Qxf5 22. exf5 h6 23. d4 Ra4 24. Rhd3 Re7 25. Kf1 exd4 26. Rxd4 Kg8 27. g4 Kf7 28. Rxa4 bxa4 29. Rd8 b5 30. f3 Re3 31. Kf2 Re7 32. Kf1 Re3 33. Kf2 Re7 34. Kf1 1/2-1/2


[Site "https://www.chess.com"]

[Event "Titled Tuesday Blitz December 20 Late 2022"]
[White "aidenzhouu"]
[Black "Kirillov, Dmitry"]
[BlackFideId "34180572"]
[WhiteElo "2398"]
[BlackElo "2111"]
[Result "1-0"]
[Round "05"]
[TimeControl "180+1"]
[Date "2022.12.21"]
[WhiteClock "0:00:19"]
[BlackClock "0:00:02"]

1. d4 d5 2. c4 e6 3. Nf3 c6 4. e3 f5 5. Nc3 Nf6 6. Ne5 Bd6 7. f4 O-O 8. Bd3 Ne4 9. O-O Nd7 10. Bd2 Ndf6 11. Be1 Bd7 12. Bh4 Be8 13. Nxe4 dxe4 14. Be2 c5 15. Qb3 Qb6 16. Rfd1 Qa6 17. Qc3 Rc8 18. dxc5 Bxc5 19. b4 Be7 20. a4 Qb6 21. c5 Qc7 22. Bc4 Nd5 23. Bxd5 exd5 24. Bxe7 Qxe7 25. Rxd5 Rc7 26. Qc4 Kh8 27. b5 h6 28. Rad1 Kh7 29. c6 Bh5 30. Rd7 1-0


[Site "https://www.chess.com"]

[Event "Titled Tuesday Blitz December 20 Late 2022"]
[White "benny_aizenberg"]
[Black "Tanenbaum, Zachary"]
[BlackFideId "2060850"]
[WhiteElo "2410"]
[BlackElo "2175"]
[Result "0-1"]
[Round "05"]
[TimeControl "180+1"]
[Date "2022.12.21"]
[WhiteClock "0:00:24"]
[BlackClock "0:00:25"]

1. e4 e5 2. Nf3 Nc6 3. d4 exd4 4. Nxd4 Bc5 5. Nb3 Bb6 6. Nc3 Nf6 7. Bg5 h6 8. Bh4 O-O 9. a4 a5 10. Qe2 Nd4 11. Qd3 Nxb3 12. cxb3 Re8 13. O-O-O c6 14. f4 d5 15. e5 g5 16. fxg5 Ng4 17. Be2 Nxe5 18. Qg3 Ng6 19. Rhf1 Bc7 20. Qf2 Be6 21. Bd3 Nxh4 22. Qxh4 Qxg5+ 23. Qxg5+ hxg5 24. h3 Kg7 25. Ne2 Be5 26. Rde1 f6 27. Kc2 Re7 28. Ng1 Rae8 29. Nf3 Bg3 30. Rxe6 Rxe6 31. Nd4 Re5 32. Nf5+ Rxf5 33. Rxf5 Bf4 34. h4 Re1 35. h5 Rc1# 0-1


[Site "https://www.chess.com"]

[Event "Titled Tuesday Blitz December 20 Late 2022"]
[White "gshwbedhkhd"]
[Black "Szyszylo, Rafal"]
[BlackFideId "1109626"]
[WhiteElo "2568"]
[BlackElo "1981"]
[Result "1-0"]
[Round "05"]
[TimeControl "180+1"]
[Date "2022.12.21"]
[WhiteClock "0:00:07"]
[BlackClock "0:00:04"]

1. e4 g6 2. d4 Bg7 3. Nc3 d6 4. Be3 c6 5. Qd2 b5 6. O-O-O Nd7 7. Kb1 Nb6 8. b3 a5 9. f4 a4 10. Nf3 Bg4 11. Be2 Qb8 12. h3 Bxf3 13. Bxf3 b4 14. Ne2 Nf6 15. Qxb4 O-O 16. g4 Qc7 17. g5 Nfd7 18. h4 Rfb8 19. Qc3 c5 20. h5 axb3 21. cxb3 Na4 22. Qc2 Qa5 23. hxg6 hxg6 24. e5 cxd4 25. Bxd4 dxe5 26. fxe5 Nxe5 27. Bxa8 Qxa8 28. Nf4 Rc8 29. Qh2 Qe4+ 30. Ka1 Nc5 31. Qh7+ Kf8 32. Nxg6+ Qxg6 33. Qxg6 Nxg6 34. Bxg7+ Kxg7 35. Rc1 Rc7 36. b4 Na6 37. b5 Rxc1+ 38. Rxc1 Nb8 39. Rc7 Ne5 40. Rxe7 Ned7 41. a4 Kg6 42. a5 Kxg5 43. a6 Nxa6 44. bxa6 Nb6 45. a7 f5 46. Rb7 Na8 47. Rb8 Nc7 48. Rc8 Na8 49. Rxa8 f4 50. Rf8 Kg4 51. a8=Q f3 52. Qxf3+ Kg5 53. Rg8+ Kh4 54. Qh1# 1-0


[Site "https://www.chess.com"]

[Event "Titled Tuesday Blitz December 20 Late 2022"]
[White "Abdrlauf, Elham"]
[Black "Caruana, Fabiano"]
[WhiteFideId "1533533"]
[BlackFideId "2020009"]
[WhiteElo "2454"]
[BlackElo "2847"]
[Result "1/2-1/2"]
[Round "06"]
[TimeControl "180+1"]
[Date "2022.12.20"]
[WhiteClock "0:00:02"]
[BlackClock "0:00:18"]

1. e4 e5 2. Nc3 Nc6 3. Bc4 Nf6 4. d3 Bc5 5. f4 exf4 6. Bxf4 d6 7. Nf3 O-O 8. Qd2 Be6 9. Bxe6 fxe6 10. Be3 Bb4 11. a3 Ba5 12. b4 Bb6 13. Bxb6 axb6 14. O-O e5 15. Nd5 Nxd5 16. exd5 Ne7 17. c4 h6 18. a4 Ng6 19. a5 bxa5 20. bxa5 Qd7 21. h3 Nf4 22. Qe3 Rf7 23. Nd2 c6 24. dxc6 bxc6 25. Kh2 Qf5 26. Ne4 d5 27. cxd5 cxd5 28. Ng3 Qg5 29. Rf2 Nxh3 30. Qxg5 Nxg5 31. Rxf7 Kxf7 32. a6 Ra7 33. Nf5 Ke6 34. Nxg7+ Kd6 35. Nf5+ Kc5 36. Nxh6 Ne6 37. Ng4 Kd6 38. Ne3 Nc5 39. Nf5+ Ke6 40. Ng7+ Kf6 41. Ne8+ Ke7 42. Nc7 Kd7 43. Nxd5 Nxd3 44. Rd1 Nf2 45. Rd2 Ng4+ 46. Kg3 Nh6 47. Nb4+ Ke6 48. Ra2 Nf5+ 49. Kf2 Nd4 50. Ke3 Nf5+ 51. Kd3 Nd6 52. Nc6 Ra8 53. a7 Kd5 54. Nb4+ Kc5 55. Nc2 Nb5 56. g4 Nxa7 57. Ke4 Kb6 58. g5 Rg8 59. Kf5 Nc6 60. Ne3 Kc5 61. Ng4 Nd4+ 62. Kf6 e4 63. Nh6 Rb8 64. g6 e3 65. g7 e2 66. Rxe2 Nxe2 67. g8=Q Rxg8 68. Nxg8 1/2-1/2


[Site "https://www.chess.com"]

[Event "Titled Tuesday Blitz December 20 Late 2022"]
[White "Adel, Sara"]
[Black "Marchesich, Giovanni"]
[WhiteFideId "10616764"]
[BlackFideId "2824790"]
[WhiteElo "1997"]
[BlackElo "2200"]
[Result "1-0"]
[Round "06"]
[TimeControl "180+1"]
[Date "2022.12.21"]
[WhiteClock "0:00:13"]
[BlackClock "0:00:40"]

1. e4 f6 2. f4 g6 3. Nf3 Bg7 4. Bc4 e6 5. O-O Nh6 6. Qe1 Nf7 7. Nc3 O-O 8. d3 c6 9. f5 b5 10. fxe6 dxe6 11. Bb3 e5 12. Be3 Na6 13. a4 b4 14. Ne2 Qe7 15. Bc4 Kh8 16. b3 Nd6 17. Bxa6 Bxa6 18. Qxb4 Rab8 19. Qa5 Bb7 20. Bc5 Qe6 21. Qxa7 Rfd8 22. Nd2 Bf8 23. Rf3 Ra8 24. Qb6 Rdb8 25. Raf1 Ra6 26. Rxf6 Rxb6 27. Rxe6 Nxe4 28. Nxe4 Bxc5+ 29. Nxc5 Rb4 30. Rxe5 Rg4 31. Re7 Bc8 32. Rff7 Rh4 33. g3 Rh5 34. Nf4 Rh6 35. Nd7 Bxd7 36. Rxd7 Re8 37. g4 g5 38. Nh5 Kg8 39. Rfe7 Rf8 40. Rg7+ Kh8 41. Rxg5 Re6 42. Rf5 Rg8 43. h3 Rge8 44. Rff7 Re1+ 45. Kg2 R8e3 46. Rxh7+ Kg8 47. Nf6+ Kf8 48. Rh8# 1-0


[Site "https://www.chess.com"]

[Event "Titled Tuesday Blitz December 20 Late 2022"]
[White "Alex_Sahakyan2006"]
[Black "Kazakouski, Valery"]
[BlackFideId "13507443"]
[WhiteElo "2626"]
[BlackElo "2788"]
[Result "0-1"]
[Round "06"]
[TimeControl "180+1"]
[Date "2022.12.21"]
[WhiteClock "0:01:10"]
[BlackClock "0:00:50"]

1. c4 e6 2. Nc3 d5 3. d4 a6 4. cxd5 exd5 5. Nf3 Nf6 6. Bg5 Be6 7. Bxf6 Qxf6 8. Qb3 Ra7 9. h4 h6 10. g3 Qd8 11. Bh3 Bd6 12. Bxe6 fxe6 13. e4 O-O 14. exd5 Rxf3 15. dxe6 Qe8 16. O-O-O Nc6 17. Rhe1 Ne7 18. d5 b5 19. Qc2 Qf8 20. Ne4 Ra8 21. g4 Qf4+ 22. Kb1 Qxg4 23. Rg1 Qxh4 24. Rg2 Raf8 25. Rdg1 Be5 26. a3 R3f4 27. Nc5 Rxf2 28. Rxf2 Rxf2 29. Qd3 Rxb2+ 30. Kc1 Qf4+ 31. Kd1 Ra2 32. Nb3 Qf5 33. Qxf5 Nxf5 34. Re1 Bd6 35. Kc1 Bxa3+ 36. Kb1 Rb2+ 37. Ka1 Rxb3 38. d6 Bxd6 39. Ka2 Ra3+ 40. Kb2 b4 0-1


[Site "https://www.chess.com"]